[Event "Frauenbundesliga 2024-25"]
[Site "Germany"]
[Date "2025.01.26"]
[Round "4.9"]
[White "Ter-Avetisjana, Agnesa Stepania"]
[Black "Lach, Aleksandra"]
[Result "1-0"]
[Annotator "TA"]
[ECO "C10"]
[WhiteElo "2125"]
[BlackElo "2214"]
[PlyCount "97"]
[EventDate "2024.11.06"]
[EventType "team-tourn"]
[EventCountry "GER"]
[SourceTitle "playchess.com"]
[Source "ChessBase"]
[SourceQuality "1"]
[TimeControl "40/5400+30:1800+30"]

1. e4 e6 2. d4 d5 3. Nd2 dxe4 4. Nxe4 Bd7 5. Nf3 Bc6 6. Bd3 Nd7 7. O-O Ngf6 8. Qe2 Nxe4 9. Bxe4 Bxe4 10. Qxe4 c6 11. b3 Be7 12. Bb2 O-O 13. c4 Qa5 {[%emt 0:08:17] is the legacy move (13...Re8). C10: French with 3 Nc3: Unusual Black 3rd moves and 3...dxe4.} 14. Rfd1 Rfe8 15. a4 $146 (15. a3 Rad8 16. Re1 Bf6 17. Rad1 Qa6 18. Qc2 b5 19. c5 Qb7 20. Re4 Nf8 21. h4 {½-½ Ramnath,B (2372)-Girinath,P (2378) IND-chA Mumbai 2009 (11)}) 15... Bf6 {[%emt 0:07:28] The position is equal.} 16. Qc2 Rad8 17. Bc3 Qh5 18. Qb2 Nf8 19. Re1 Ng6 20. Re4 Qf5 21. Rae1 h5 22. b4 h4 23. h3 Nf4 24. R1e3 Rd7 25. b5 Rc8 26. bxc6 bxc6 27. Kh2 Ng6 (27... Rdd8 {seems wilder.} 28. Qa1 Rb8 29. Qe1 Rb7) 28. Rg4 Qh5 29. Qc2 Bd8 30. Kh1 f5 31. Rxg6 Qxg6 32. Ne5 Qe8 33. Nxd7 Qxd7 34. Qe2 Rb8 35. d5 (35. Rxe6 $11 Rb1+ 36. Kh2) 35... cxd5 $15 (35... Rb1+ 36. Kh2 cxd5 37. Rxe6 $11) 36. Rxe6 Rb1+ (36... d4 $1 $15 37. Bxd4 (37. Re8+ $2 Kf7 $19) 37... Kf7 (37... Rb1+ 38. Kh2 $11)) 37. Kh2 $1 $11 Kf7 (37... Qxa4 38. Re8+ (38. cxd5 Bc7+ 39. d6 Bxd6+ 40. Rxd6 Qf4+ 41. g3 Qxd6 $18)) 38. Re3 {[%emt 0:00:57] [#] White wants to mate with Qh5+.} Bc7+ 39. g3 (39. Be5 d4 (39... Bxe5+ 40. Rxe5 Kf6 41. cxd5 $18) 40. Rd3 Rc1 41. Qh5+ Kg8) 39... g6 {[%emt 0:00:25] Threatens to win with ...d4. Dodges Qh5} (39... Qxa4 40. Re7+ (40. cxd5 hxg3+ 41. fxg3 Kf8 $18) (40. Qh5+ Kg8 $18) 40... Kf8 41. Bxg7+ (41. Rxc7 hxg3+ 42. fxg3 Re1 43. Bxe1 Kg8 44. Qe6+ Kh8 45. Qc8+ Qe8 46. Qxe8+ Kh7 47. Qh5+ Kg8 48. Rc8#) 41... Kg8 42. Qe6+ Kh7 43. Be5#) 40. cxd5 f4 41. Rd3 {[%emt 0:01:15] Dancing on a razor blade.} hxg3+ 42. fxg3 {[%emt 0:08:54][%cal Bf2g3,Bg3f4][%mdl 32] [#]} Bd6 (42... fxg3+ 43. Kg2 Bb6 44. Kxg3 (44. Rf3+ Kg8 $11)) 43. Be5 ({White should try} 43. gxf4 $16 {Strongly threatening Be5.} Bxf4+ 44. Kg2) 43... Bc5 $2 {[%emt 0:03:06][%mdl 8192] This costs Black the game.} (43... Bxe5 $1 $11 {and Black is okay.} 44. Qxe5 Qxa4 (44... fxg3+ 45. Kxg3 Qe7 46. Rf3+ Ke8 47. Re3 $14) 45. Qxf4+ (45. gxf4 Qc2+ 46. Kg3 Rg1+ 47. Kf3 Qxd3+ 48. Qe3 Qxd5+ 49. Qe4 Rf1+ 50. Kg2 Qxe4+ 51. Kxf1 Qc2 52. Kg1 Ke6 53. Kf1 Kf5 54. Kg1 Kxf4 55. Kh1 Kg3 56. Kg1 Qg2#) 45... Qxf4 46. gxf4 a5) 44. gxf4 $18 (44. Bxf4 $2 {loses.} Rh1+ 45. Kg2 Qxh3+ 46. Kf3 Rf1+ $19) 44... Qxa4 (44... Bg1+ $142 45. Kg3 Bb6) 45. d6 Bb6 46. d7 Qa5 47. Bc3 {[%emt 0:00:53][%csl Gd7][%cal Re2e8] White mates. Dodges Re1} Bg1+ 48. Kg2 Qd8 49. Qa2+ {[%emt 0:00:08] Weighted Error Value: White=0.11 (very precise) /Black=0.43  Loses game:     	---       	Black=1      Mistake:       	White=2     	Black=2      Inaccurate:     	White=1     	Black=4      OK:         	White=9     	Black=8      Best:        	White=3     	Black=1      Strong:       	White=1     	---} 1-0

[Event "Frauenbundesliga 2024-25"]
[Site "Germany"]
[Date "2025.01.26"]
[Round "4.10"]
[White "Salimova, Nurgyul"]
[Black "Movsesian, Julia"]
[Result "1-0"]
[Annotator "TA"]
[ECO "E05"]
[WhiteElo "2402"]
[BlackElo "2212"]
[PlyCount "55"]
[EventDate "2024.11.06"]
[EventType "team-tourn"]
[EventCountry "GER"]
[SourceTitle "playchess.com"]
[Source "ChessBase"]
[SourceQuality "1"]
[TimeControl "40/5400+30:1800+30"]

1. d4 d5 2. Nf3 Nf6 3. c4 e6 4. g3 Be7 5. Bg2 O-O 6. O-O dxc4 7. Qc2 b5 8. a4 {[%emt 0:00:17] E05: Open Catalan: 5 Nf3 Be7.} b4 9. Nfd2 Nd5 10. Nxc4 {[%emt 0:00:11] The position is equal.} (10. Qxc4 Ba6 11. Qc2 c5 (11... Bxe2 12. Re1 $17) 12. dxc5 Nd7 $19) 10... c5 11. dxc5 Bxc5 12. e4 $1 {[%emt 0:07:00] 12.e4 is better than 12.Rd1.} Nb6 13. Ncd2 Qc7 {[%emt 0:15:43][%cal Oc5f2] [#] ...Bxf2+! would now be deadly.} 14. Nb3 Na6 $146 (14... Bd6 15. Qxc7 Bxc7 16. a5 Ba6 17. axb6 Bxb6 18. e5 Bxf1 19. Kxf1 Nd7 20. Bxa8 Rxa8 {1-0 Bjelobrk,I (2405)-Girsh,D (2110) Titled Tuesday intern op 18th Oct Late blitz 2022 (6)}) 15. Nxc5 Qxc5 16. Qe2 Qc4 $1 17. Qd1 Nc5 {[%emt 0:08:45] [#]} (17... Qc7 $1 $11 {keeps the balance.}) 18. Be3 $1 $36 {[%emt 0:01:32][%mdl 2048] White is on the roll.} Nb3 (18... Nbd7 $16) 19. Nd2 $18 Nxd2 20. Qxd2 Qb3 21. Bc5 Ba6 $2 (21... Re8 {was necessary.} 22. Rfc1 (22. Qxb4 Qxb4 23. Bxb4 Bb7 $18) (22. Bxb4 a5 $16) 22... Bb7 23. Qxb4 Qxb4 24. Bxb4 Rac8) 22. Bxf8 (22. Qxb4 Qxb4 23. Bxb4 Bxf1 24. Bxf1 Rfb8 $16) 22... Rxf8 23. Rfe1 Nc4 24. Qd4 Nxb2 25. Qxa7 Bd3 26. a5 Nc4 27. a6 {[%emt 0:04:32] Hoping for Qc5.} Na3 28. Qb7 {[%emt 0:00:58] Weighted Error Value: White=0.04 (flawless) /Black=0.37  Mistake:       	---       	Black=3      Inaccurate:     	---       	Black=1      OK:         	White=11    	Black=8      Best:        	White=4     	---        Strong:       	White=1     	Black=1} 1-0

[Event "Frauenbundesliga 2024-25"]
[Site "Germany"]
[Date "2025.01.26"]
[Round "4.10"]
[White "Straub, Natalia"]
[Black "Mgeladze, Kesaria"]
[Result "0-1"]
[Annotator "TA"]
[ECO "A64"]
[WhiteElo "2132"]
[BlackElo "2157"]
[PlyCount "70"]
[EventDate "2024.11.06"]
[EventType "team-tourn"]
[EventCountry "GER"]
[SourceTitle "playchess.com"]
[Source "ChessBase"]
[SourceQuality "1"]
[TimeControl "40/5400+30:1800+30"]

1. d4 Nf6 2. c4 g6 3. g3 Bg7 4. Bg2 O-O 5. Nc3 d6 6. Nf3 c5 7. d5 e6 8. O-O exd5 9. cxd5 Re8 10. Nd2 a6 11. a4 Nbd7 12. h3 {[%emt 0:06:57] 12.h3 scores better than 12.Nc4.} Rb8 13. a5 {[%emt 0:02:29] A64: Modern Benoni: Fianchetto Variation: 9...Nbd7 10 Nd2 a6 11 a4 Re8.} b5 14. axb6 Nxb6 15. Qc2 {[%emt 0:28:40] The position is equal.} a5 16. e4 Ba6 17. Rd1 $1 Nc4 18. Nxc4 $146 (18. Bf1 $11 {keeps the balance.} Nxd2 19. Bxd2 Bxf1 20. Kxf1) (18. b3 Nxd2 19. Bxd2 Nd7 20. Ra3 {½-½ Sargissian,G (2643)-Damljanovic,B (2595) FRA-chT Top 16 Gp Basse 2008 (9)}) 18... Bxc4 $17 19. Ra3 {[%emt 0:04:48] Prevents Bb3} Qb6 {[%emt 0:02:50] Black plays on the queen side and is better} 20. Qd2 Nd7 21. f4 {[%emt 0:11:01] [#]} Bb3 $1 {[%emt 0:05:46] Black is much more active.} 22. Re1 c4+ (22... Qb4 $17 23. e5 dxe5) 23. Kh2 $15 Nc5 24. Bf1 $2 {[%emt 0:09:36] Against Nd3. This move loses the game for White.} (24. Rf1 $17) 24... Bxc3 $19 25. Qxc3 Nxe4 26. Qf3 Qd4 {[%emt 0:00:47] [#]} 27. Bg2 $2 (27. Qe3 Qxd5 28. Bg2) 27... Nd2 28. Bxd2 Qxd2 29. Rxe8+ Rxe8 30. f5 Re2 31. fxg6 hxg6 {[%emt 0:00:05][%cal Oe2f2] and ...Rf2! would now be decisive} 32. Ra1 Rf2 {[%emt 0:01:46] Black mates.} 33. Qe4 Bc2 34. Qe8+ Kg7 35. Rg1 Re2 {[%emt 0:00:05] Weighted Error Value: White=0.84/Black=0.15 (very precise)   Mistake:       	White=3     	Black=1      Inaccurate:     	White=2     	---        OK:         	White=3     	Black=5      Best:        	White=2     	Black=5      Strong:       	White=1     	Black=1} 0-1

[Event "Frauenbundesliga 2024-25"]
[Site "Germany"]
[Date "2025.01.26"]
[Round "4.10"]
[White "Koehler, Inken"]
[Black "Otikova, Elina"]
[Result "1-0"]
[Annotator "TA"]
[ECO "A20"]
[WhiteElo "2053"]
[BlackElo "2089"]
[PlyCount "81"]
[EventDate "2024.11.06"]
[EventType "team-tourn"]
[EventCountry "GER"]
[SourceTitle "playchess.com"]
[Source "ChessBase"]
[SourceQuality "1"]
[TimeControl "40/5400+30:1800+30"]

1. c4 e5 2. g3 Nf6 3. Bg2 d5 4. cxd5 Nxd5 5. Nf3 Nc6 6. O-O Nb6 7. b3 {[%emt 0:00:22] A20: English Opening: 1...e5.} Be7 8. Bb2 f6 9. Nc3 {[%emt 0:00:22] White has an edge.} O-O 10. Rc1 a5 11. Qc2 $146 (11. d3 Be6 12. Nd2 Qd7 13. Nc4 Rfd8 14. Nxb6 cxb6 15. Na4 Ra6 16. Qc2 Nb4 17. Qb1 {0-1 Gretarsson,H (2597)-Hjartarson,J (2519) ISL-chT1 2122 2021 (9.3)}) 11... Nb4 12. Qb1 c6 13. Rfd1 a4 14. d4 exd4 (14... a3 $14 15. Ba1 (15. dxe5 axb2 16. Rxd8 bxc1=Q+ 17. Qxc1 Rxd8 $17) 15... exd4) 15. Rxd4 Qe8 16. bxa4 {[%emt 0:11:48] White is more active.} f5 ({Black should try} 16... c5) 17. Ba3 N4d5 18. Bxe7 Qxe7 19. Nxd5 Nxd5 20. e3 Qa3 21. Qc2 {[%emt 0:06:23] Against Nc3} Nxe3 $2 {[%emt 0:07:42] This costs Black the game.} 22. fxe3 $18 Qxe3+ 23. Kh1 Qh6 24. Rcd1 Re8 25. Rd8 Be6 26. Rxa8 Rxa8 27. Nd4 f4 28. Nxe6 fxg3 {[%emt 0:00:54] [#]} (28... Qxe6 $142 29. Qb3 (29. gxf4 Qf7 $18) 29... Qxb3 30. axb3 Re8 31. gxf4 Re3) 29. Bf1 $1 {[%emt 0:00:43] Black must now prevent Bc4.} gxh2 (29... Kh8 30. Bc4) 30. Bc4 {[%emt 0:02:17] White mates.} Kh8 31. Qd3 Re8 32. Qd7 Qg6 {[%emt 0:01:08] [#]} 33. Qxe8+ $3 Qxe8 34. Rd8 (34. Kxh2 $2 {loses.} Qh5+ 35. Kg3 Qxd1 $19) 34... Qxd8 35. Nxd8 b6 36. Nxc6 g5 37. a5 bxa5 38. Nxa5 Kg7 39. Nc6 Kf8 40. a4 Ke8 41. Be6 {[%emt 0:30:09] Weighted Error Value: White=0.08 (flawless) /Black=0.73  Loses game:     	---       	Black=1      Mistake:       	---       	Black=3      Inaccurate:     	---       	Black=3      OK:         	White=12    	Black=3      Best:        	White=1     	Black=2} 1-0

[Event "Frauenbundesliga 2024-25"]
[Site "Germany"]
[Date "2025.01.26"]
[Round "4.11"]
[White "Kucharska, Honorata"]
[Black "Dwilewicz, Katarzyna"]
[Result "1/2-1/2"]
[Annotator "TA"]
[ECO "B40"]
[WhiteElo "2071"]
[BlackElo "2173"]
[PlyCount "56"]
[EventDate "2024.11.06"]
[EventType "team-tourn"]
[EventCountry "GER"]
[SourceTitle "playchess.com"]
[Source "ChessBase"]
[SourceQuality "1"]
[TimeControl "40/5400+30:1800+30"]

1. e4 c5 2. Nf3 e6 3. d3 Nc6 4. g3 Nf6 5. Bg2 e5 6. Nc3 {[%emt 0:05:13] B40: Sicilian: 2...e6, Unusual lines.} h6 7. O-O Be7 8. Be3 {[%emt 0:01:27] White is slightly better.} O-O $146 (8... d6 9. Nd5 Be6 10. Nxf6+ Bxf6 11. Nd2 d5 12. Bxc5 b6 13. Ba3 b5 14. b3 b4 {1-0 Garces Suaza,C (1605)-Cruz Gomez,D (1374) COL-ch U20 Cali 2023 (1)}) 9. Nd2 d6 10. Kh1 Ng4 11. h3 Nxe3 12. fxe3 Be6 13. Qe2 Qd7 14. Kh2 Rae8 15. a4 f5 16. exf5 Bxf5 17. Nd5 Bd8 18. Ne4 Nb4 19. Nec3 Nc6 20. Rf2 Be6 21. Raf1 Rxf2 22. Qxf2 Ba5 23. Qf3 {[%emt 0:04:20] The position is equal.} Bxc3 24. bxc3 Qd8 25. Qe4 Ne7 {[%emt 0:04:00] Prevents Qg6} 26. Nxe7+ Rxe7 27. c4 b6 $1 28. Qh4 Rd7 {[%emt 0:06:26] Weighted Error Value: White=0.06 (flawless) /Black=0.06 (flawless)   Inaccurate:     	White=2     	Black=2      OK:         	White=8     	Black=9      Strong:       	---       	Black=1} 1/2-1/2

[Event "Frauenbundesliga 2024-25"]
[Site "Germany"]
[Date "2025.01.26"]
[Round "4.11"]
[White "Rath, Alina"]
[Black "Brandt, Carina"]
[Result "0-1"]
[Annotator "TA"]
[ECO "A20"]
[WhiteElo "2030"]
[BlackElo "2061"]
[PlyCount "21"]
[EventDate "2024.11.06"]
[EventType "team-tourn"]
[EventCountry "GER"]
[SourceTitle "playchess.com"]
[Source "ChessBase"]
[SourceQuality "1"]
[TimeControl "40/5400+30:1800+30"]

1. c4 e5 2. g3 Nf6 3. Bg2 c6 4. d4 e4 5. Nc3 Bb4 6. Qb3 {A20: English Opening: 1...e5.} Bxc3+ 7. bxc3 O-O 8. e3 (8. c5 $11) 8... b6 $146 (8... d6 9. Ba3 Na6 10. Ne2 Rb8 11. O-O Re8 12. h3 h5 13. Kh1 Bf5 14. Ng1 Qd7 {0-1 Ono,D (1990)-Tomas Falcon,J (2144) ARG-ch U18 Villa Martelli 2016 (3.5)}) 9. Ba3 d6 10. Ne2 Re8 11. O-O {[%emt 0:05:02] White did not feel at home in the position after the opening.   Weighted Error Value: White=0.33/Black=0.08 (flawless)   Mistake:       	White=1     	---        Inaccurate:     	White=3     	Black=1      OK:         	---       	Black=3} 0-1

[Event "Frauenbundesliga 2024-25"]
[Site "Germany"]
[Date "2025.01.26"]
[Round "4.11"]
[White "Yurenok, Maria S"]
[Black "Injac, Teodora"]
[Result "0-1"]
[Annotator "TA"]
[ECO "C84"]
[WhiteElo "1993"]
[BlackElo "2453"]
[PlyCount "76"]
[EventDate "2024.11.06"]
[EventType "team-tourn"]
[EventCountry "GER"]
[SourceTitle "playchess.com"]
[Source "ChessBase"]
[SourceQuality "1"]
[TimeControl "40/5400+30:1800+30"]

1. e4 e5 2. Nf3 Nc6 3. Bb5 a6 4. Ba4 d6 5. O-O Bd7 6. d4 Nf6 7. Bxc6 Bxc6 8. Re1 Be7 9. Nc3 exd4 {[%emt 0:04:30] C84: Closed Ruy Lopez: Unusual White 6th moves.} 10. Nxd4 Bd7 11. h3 O-O {[%emt 0:00:38] White is slightly better.} 12. Qf3 b5 $1 {[%emt 0:02:17][%mdl 4] is currently scoring better than 12...Re8.} 13. a3 Re8 14. Nf5 $146 (14. b3 Qc8 15. Bb2 Bf8 16. g4 h6 17. Kh2 Qb7 18. Nf5 Bxf5 19. gxf5 c6 20. Rg1 {0-1 Vokhidov,S (2529)-Sindarov,J (2544) UZB-ch Tashkent 2021 (7)}) 14... Bxf5 15. Qxf5 c6 16. Bg5 g6 17. Qf3 Nd7 18. Bxe7 Qxe7 19. Rad1 Rad8 20. Qg3 Nc5 21. f4 a5 22. e5 d5 23. f5 (23. Qf2 $11) 23... b4 $15 24. f6 Qc7 (24... Qa7 $1 $15 25. Qf2 (25. axb4 axb4 26. Qf2 bxc3 $17) 25... bxc3) 25. axb4 axb4 26. Na2 (26. Qe3 $1 $11 {was the only way to keep the balance.}) 26... Ne4 $17 27. Qf4 {[%emt 0:00:04] [#]} g5 $1 $36 {[%emt 0:03:05][%mdl 2048] Black is really pushing.} (27... Qxe5 $6 28. Qxe5 Rxe5 29. Nxb4 $14) (27... Rxe5 $2 28. Rxe4 (28. Nxb4 $2 Qb6+ 29. Kh2 Rf5 $19) 28... dxe4 29. Rxd8+ Qxd8 30. Qxe5 $18) 28. Qe3 c5 (28... Rxe5 29. Nxb4 Qd6 30. Nd3 $15) 29. h4 (29. Nc1 $17) 29... h6 (29... gxh4 $2 {is the wrong capture.} 30. Qh6 Nxf6 31. Qg5+ (31. exf6 Qg3 $16) (31. Qxf6 Re6 $18) 31... Kf8 32. Qxf6 $18) ({Black should try} 29... Qxe5 $19 30. c3 Ra8 (30... Qxf6 $2 31. hxg5 Qe6 32. Qf3 $19) (30... gxh4 $2 31. cxb4 Qxb2 32. Re2 $19)) 30. hxg5 hxg5 31. c4 $2 {[%emt 0:00:59] Now White is beyond hope.} Qxe5 $19 32. cxd5 Rxd5 33. Rxd5 (33. b3 $142) 33... Qxd5 {[%emt 0:00:02] Black is clearly winning.} 34. Qf3 Qxa2 35. Qh5 Qd5 36. Rd1 {[%emt 0:00:56] Repels Qd4+} Nxf6 {[%emt 0:01:00] [#] Hoping for ...Re1+.} 37. Rxd5 Nxh5 38. Rxg5+ Ng7 {[%emt 0:00:01] Weighted Error Value: White=0.73/Black=0.56  Loses game:     	White=1     	---        Mistake:       	White=4     	Black=2      Inaccurate:     	White=4     	---        OK:         	White=6     	Black=7      Best:        	---       	Black=3} 0-1

[Event "Frauenbundesliga 2024-25"]
[Site "Germany"]
[Date "2025.01.26"]
[Round "4.12"]
[White "Heinemann, Josefine"]
[Black "Kanakova, Natalie"]
[Result "1/2-1/2"]
[Annotator "TA"]
[ECO "B30"]
[WhiteElo "2308"]
[BlackElo "2163"]
[PlyCount "80"]
[EventDate "2024.11.06"]
[EventType "team-tourn"]
[EventCountry "GER"]
[SourceTitle "playchess.com"]
[Source "ChessBase"]
[SourceQuality "1"]
[TimeControl "40/5400+30:1800+30"]

1. e4 c5 2. Nf3 Nc6 3. Bb5 e6 4. Bxc6 bxc6 5. b3 d6 6. e5 {[%emt 0:00:47] B30: Sicilian: 2...Nc6 3 Bb5, lines without ...g6.} f6 (6... dxe5 $11 7. Nc3 (7. Nxe5 Qg5 $11) 7... f6) 7. exd6 $14 Bxd6 8. Nc3 {[%emt 0:01:39] White is slightly better.} Nh6 $146 (8... Ne7 9. Ne4 e5 10. d3 Bg4 11. h3 Bh5 12. O-O O-O 13. Ng3 Bf7 14. Ne4 Bh5 {0-1 Seul,G (2340)-Vocaturo,D (2624) Bayern-chI Bank Hofmann 25th 2022 (7)}) 9. Ne4 Be7 10. Ng3 O-O 11. O-O Nf5 12. Nxf5 exf5 13. Qe2 Bd6 14. Re1 Bd7 15. Qc4+ Kh8 16. d3 Re8 17. Bf4 Bf8 18. h4 Rxe1+ 19. Rxe1 Be8 {[%emt 0:00:43] Prevents Qf7} 20. Nd2 {[%emt 0:10:32][%cal Bf3d2,Bd2c4,Bc4d6][%mdl 32] White has more active pieces.} Qd4 21. Qxd4 ({White should try} 21. Be3 $16 Qe5 22. f3) 21... cxd4 22. Nc4 Kg8 23. Bd6 Bd7 24. Bxf8 Kxf8 {[%emt 0:00:06][%mdl 4096] Endgame KRB-KRN} 25. Nd6 Rb8 26. f4 h5 27. Kf2 c5 28. Nc4 Kf7 29. Re2 g6 30. Ke1 Be6 31. Kd2 Ke7 32. Na5 Rb6 {[%emt 0:01:06] Repels Nc6+} 33. a3 Kd7 34. Re1 Bd5 35. g3 Rb8 36. Nc4 Bf3 {[%emt 0:03:04] The position is equal.} 37. Rb1 Re8 38. Re1 Rb8 39. Rb1 Re8 40. Re1 {[%emt 0:00:11] Prevents Re2+.} Rb8 {Weighted Error Value: White=0.11 (very precise) /Black=0.10 (very precise)   Mistake:       	White=1     	Black=1      Inaccurate:     	White=4     	Black=5      OK:         	White=11    	Black=13     Best:        	White=1     	Black=1} 1/2-1/2

[Event "Frauenbundesliga 2024-25"]
[Site "Germany"]
[Date "2025.01.26"]
[Round "4.12"]
[White "Valkova, Angelika"]
[Black "Ciolacu, Alessia-Mihaela"]
[Result "0-1"]
[Annotator "TA"]
[ECO "E29"]
[WhiteElo "2001"]
[BlackElo "2124"]
[PlyCount "122"]
[EventDate "2024.11.06"]
[EventType "team-tourn"]
[EventCountry "GER"]
[SourceTitle "playchess.com"]
[Source "ChessBase"]
[SourceQuality "1"]
[TimeControl "40/5400+30:1800+30"]

1. d4 Nf6 2. c4 e6 3. Nc3 Bb4 4. e3 O-O 5. a3 Bxc3+ 6. bxc3 c5 7. Bd3 Nc6 8. Ne2 d6 9. e4 Ne8 10. O-O b6 11. Be3 Ba6 12. Ng3 Rc8 {[%emt 0:06:33] E29: Nimzo-Indian: Sämisch: 5...0-0 6 e3 c5 7 Bd3 Nc6.} 13. Qe2 Qd7 14. Rfd1 Na5 {[%emt 0:04:11] The position is equal.} 15. d5 e5 $146 (15... Nc7 16. dxe6 Qxe6 17. Qf3 g6 18. Bf4 Rfd8 19. Bg5 Rd7 {0-1 Wessel,R-Berner,R RR-22323 freechess.de 2020}) 16. a4 Rc7 17. Nf5 Bc8 18. f4 f6 19. Rf1 Qd8 20. Ng3 g6 ({Black should play} 20... exf4 $1 $14 21. Rxf4 (21. Bxf4 g6 $16) 21... Rcf7) 21. f5 $16 Ng7 22. h4 Kh8 23. fxg6 ({Better is} 23. Qf3 $16) 23... hxg6 $11 24. h5 (24. Rf2 $11) 24... Nxh5 25. Nxh5 gxh5 26. Qxh5+ (26. Qf2 $142) 26... Rh7 $17 27. Qf3 {[%emt 0:00:00] [#]} f5 $1 28. exf5 {[%emt 0:00:00] aiming for f6.} Qh4 {[%emt 0:00:20] Black attacks} 29. Ra2 $2 (29. Qh3 $17 Qxh3 (29... Nxc4 30. Qxh4 Rxh4 31. Bg5 $14) 30. gxh3) 29... Nxc4 $2 (29... Rg8 $1 $19 30. Qe4 Rg4) 30. g3 $1 $11 Rg8 {[%emt 0:02:39] Some like it hot} 31. Rg2 Nxe3 (31... Qh1+ $2 32. Kf2 Qh5 33. Qxh5 (33. Bxc4 Bxf5 34. Qxh5 Rxh5 $18) 33... Rxh5 34. Bxc4 $16) 32. Qxe3 Qh1+ (32... Qxa4 $2 33. f6 Bh3 34. Bxh7 Kxh7 35. Qd3+ e4 36. Qe2 $18) 33. Kf2 Qh6 34. g4 (34. Qxh6 $11 {keeps the balance.} Rxh6 35. g4) 34... Qh4+ $17 35. Kf3 {[%emt 0:00:00] [#]} c4 $1 36. Be4 {[%emt 0:00:00] [#]} (36. Bc2 Rxg4) 36... Rxg4 $1 37. Rxg4 Qh3+ 38. Kf2 Qxg4 39. f6 (39. Rg1 $17 Rh2+ 40. Ke1 Qh4+ 41. Kd1) 39... Rh3 $19 40. f7 $2 (40. Rh1 Qh4+ 41. Kg1) 40... Kg7 $1 41. Bf3 Qf4 $40 {[%emt 0:16:57][%mdl 128] Black has some attack.} (41... Kxf7 $2 {too greedy.} 42. Bxg4 Rxe3 43. Kxe3+ $18) (41... Qh4+ $19 42. Ke2 Bf5 (42... Kxf7 43. Bg4+ Ke7 44. Bxh3 $11)) 42. Qxf4 $15 exf4 {[%emt 0:00:05][%mdl 4096] Endgame KRB-KRB. Black is a pawn up.} 43. Rg1+ $2 {[%emt 0:00:00] Black continues to play with concentration.} (43. Re1 $15 Rh2+ (43... Kxf7 44. Re4 $17) 44. Kg1) 43... Kxf7 $19 44. Bg4 (44. Rd1) 44... Bxg4 45. Rxg4 Rxc3 {[%emt 0:00:06] Hoping for ...Kf6.} 46. Rxf4+ {[%emt 0:00:00] KR-KR. Black is two pawns up.} Ke7 47. Rh4 $2 (47. Ke2) 47... a6 48. Rh7+ Kf6 49. Ra7 Ke5 50. Rxa6 Rb3 (50... Kxd5 51. Rxb6 Kc5 (51... Ra3 52. Ra6 $19) 52. Rb5+ Kd4 53. Rg5 $19) 51. a5 Ra3 (51... Kxd5 52. axb6 Kc5 53. Ra8) 52. Rxb6 Rxa5 ({Weaker is} 52... Kxd5 53. Ra6 $17) 53. Ke3 Rxd5 {[%emt 0:00:41] Black mates.} 54. Rb8 Rd3+ 55. Ke2 d5 56. Rc8 Kd4 57. Rh8 Kc3 58. Ra8 Rd2+ 59. Ke1 Rb2 60. Ra3+ Rb3 61. Ra2 Rb1+ {[%emt 0:00:12] Weighted Error Value: White=0.90/Black=0.39  Loses game:     	White=3     	---        Missed win:     	---       	Black=1      Mistake:       	White=7     	Black=1      Inaccurate:     	White=1     	Black=5      OK:         	White=11    	Black=11     Best:        	White=1     	Black=6      Strong:       	White=1     	Black=1      Brilliant:      	---       	Black=2} 0-1